 Dungeon Crawl Stone Soup version 0.29.1-2-gbd0b4ee654 (webtiles) character file.

Game seed: 3461006164061163521

3579 Earthwalker the Fighter (level 9, -4/83 HPs)
             Began as a Minotaur Fighter on Oct 24, 2022.
             Was a Priest of Okawaru.
             Slain by a wolf (7 damage)
             ... led by Grum
             ... on level 7 of the Dungeon.
             The game lasted 00:18:08 (9562 turns).

Earthwalker the Fighter (Minotaur Fighter)          Turns: 9562, Time: 00:18:09

Health: -4/83      AC: 14    Str: 25    XL:     9   Next: 84%
Magic:  8/8        EV:  7    Int:  5    God:    Okawaru [***...]
Gold:   365        SH:  6    Dex: 10    Spells: 8/8 levels left

rFire   + . .      SeeInvis .   C - +0 broad axe
rCold   x . .      Faith    .   c - +0 buckler
rNeg    + . .      Spirit   .   z - +0 plate armour
rPois   .          Reflect  .   (helmet restricted)
rElec   .          Harm     .   (no cloak)
rCorr   .          Rampage  .   (no gloves)
Will    .....                   (no boots)
Stlth   ..........              (no amulet)
HPRegen 0.23/turn               F - ring of fire
MPRegen 0.11/turn               I - ring of positive energy

@: about to teleport, slowed, studying Maces & Flails, very slow
A: horns 2, retaliatory headbutt
a: Renounce Religion, Heroism


You were on level 7 of the Dungeon.
You worshipped Okawaru.
Okawaru was most pleased with you.
You visited 2 branches of the dungeon, and saw 9 of its levels.
You also visited: Sewer.

You collected 365 gold pieces.

Inventory:

Hand Weapons
 a - a +0 war axe
 q - a +5 flail
 C - a +0 broad axe (weapon)
Missiles
 o - 8 poisoned darts (quivered)
 s - 3 curare-tipped darts
 B - 7 boomerangs
 D - a throwing net
 O - an atropa-tipped dart
Armour
 b - a +0 scale mail
 c - a +0 buckler (worn)
 r - a +1 pair of boots
 z - a +0 plate armour (worn)
Jewellery
 F - a ring of fire (left hand)
 I - a ring of positive energy (right hand)
 K - an amulet of magic regeneration
Wands
 y - a wand of mindburst (7)
 A - a wand of quicksilver (14)
Scrolls
 h - a scroll of immolation {unknown}
 i - 10 scrolls of identify {unknown}
 j - a scroll of brand weapon {unknown}
 k - 3 scrolls of teleportation
 l - 3 scrolls of butterflies {unknown}
 m - 2 scrolls of magic mapping {unknown}
 t - 3 scrolls of fear {unknown}
 v - a scroll of blinking {unknown}
 w - a scroll of summoning {unknown}
 x - 2 scrolls of enchant armour {unknown}
 G - 3 scrolls of vulnerability {unknown}
 H - a scroll of acquirement {unknown}
 L - a scroll of noise {unknown}
 M - a scroll of poison {unknown}
 N - a scroll of silence {unknown}
Potions
 d - 5 potions of might
 e - 4 potions of lignification {unknown}
 f - 3 potions of degeneration {unknown}
 g - 3 potions of curing {unknown}
 n - 3 potions of brilliance {unknown}
 p - 2 potions of attraction {unknown}
 u - a potion of heal wounds {unknown}
 E - 2 potions of mutation {unknown}
 J - a potion of resistance {unknown}


   Skills:
 * Level 9.3 Fighting
 * Level 8.8 Axes
 * Level 9.2 Armour
 * Level 9.2 Shields


You had 8 spell levels left.
You didn't know any spells.
Your spell library contained the following spells:

 Spells                   Type           Power      Damage    Failure   Level
 Apportation              Tloc           0%         N/A       100%        1
 Beastly Appendage        Tmut           0%         N/A       100%        1
 Sandblast                Erth           0%         2d4       100%        1
 Passwall                 Tmut/Erth      0%         N/A       100%        2
 Static Discharge         Conj/Air       0%         3-3/arc   100%        2
 Wereblood                Tmut           0%         N/A       100%        2
 Portal Projectile        Hex/Tloc       0%         N/A       100%        3
 Spider Form              Tmut/Pois      0%         N/A       100%        3
 Stone Arrow              Conj/Erth      0%         3d7       100%        3
 Cause Fear               Hex            0%         N/A       100%        4
 Alistair's Intoxication  Tmut/Pois      0%         N/A       100%        5
 Blade Hands              Tmut           0%         N/A       100%        5
 Lightning Bolt           Conj/Air       0%         1d11      100%        5
 Dragon Form              Tmut           0%         N/A       100%        7
 Maxwell's Capacitive Co  Air            0%         ∞         100%        8
 Tukima's Dance           Hex            Unusable   N/A       N/A         3
 Dragon's Call            Summ           Unusable   N/A       N/A         9

Dungeon Overview and Level Annotations

Branches:
Dungeon (8/15)             Temple (1/1) D:4           Sewer (visited)
   Lair: D:8-11

Altars:
Ashenzari
Cheibriados
Dithmenos
Elyvilon
Gozag
Hepliaklqana
Kikubaaqudgha
Makhleb
Nemelex Xobeh
Okawaru
Qazlal
Ru
Sif Muna
Trog
Uskayaw
Vehumet
Wu Jian
Xom
Zin
The Shining One

Shops:
D:2 [

Annotations:
D:3 1 runed translucent door, TangoThomas's ghost, amateur MiCA
D:4 3 runed translucent doors, Elsvaer's ghost, amateur DECj
D:6 1 runed translucent door, lis82's ghost, novice DgHW
D:8 Grum


Innate Abilities, Weirdness & Mutations

You have a pair of horns on your head.
You reflexively headbutt those who attack you in melee.


Message History

You feel sick. The kobold brigand barely misses you.
The wolf bites you but does no damage. The wolf attacks as you move away!
You block the wolf's attack.
You feel sick. You block the kobold brigand's attack.
The kobold brigand hits you with a +0 rapier.
The wolf bites you but does no damage.
There is a stone staircase leading up, spattered with blood here.
You feel sick. The wolf bites you! The wolf barely misses you.
You furiously retaliate!
You headbutt the wolf, but do no damage.
The wolf bites you but does no damage.
The kobold brigand hits you with a +0 rapier!
You block the wolf's attack. The wolf bites you.
* * * LOW HITPOINT WARNING * * *
You climb upwards.
You feel sick.
You are no longer poisoned.
There is a stone staircase leading down here.
You are too injured to fight recklessly!
You are too injured to fight recklessly!
You hit the kobold brigand.
The kobold brigand is lightly wounded.
You barely miss the wolf. You closely miss the wolf.
The wolf bites you but does no damage. The wolf barely misses you.
The kobold brigand barely misses you. You block the wolf's attack.
The wolf barely misses you. You block the kobold brigand's attack.
The wolf bites you!
* * * LOW HITPOINT WARNING * * *
The wolf bites you but does no damage.
As you read the scroll labelled SIR PUERUEBB, it crumbles to dust.
You feel strangely unstable.
It was a scroll of teleportation.
The wolf bites you!
* * * LOW HITPOINT WARNING * * *
The wolf bites you but does no damage.
The kobold brigand hits you but does no damage.
The wolf bites you but does no damage. The wolf bites you.
* * * LOW HITPOINT WARNING * * *
You completely miss the kobold brigand.
The kobold brigand is lightly wounded.
You miss the wolf. You slash the wolf! The wolf bites you!
You die...

#............# #...
####.#######.##########.##
#.##....#.##...........
#.##.##.#.#..#######.##
#.##.##.#.#.## #.#
#.##.##.#...# #.#
#.##.##.#.### #.#
#.##.##h..##########.#
#.##.#@h.....<....##.##
#.##.#K##.#######......
#.##.#.##.##########.##
#.##.#.##............##
#.##.#.###############
#.##.#.# #....#.# ######.#
#.#


You could see a kobold brigand and 2 wolves.

Vanquished Creatures
  Sigmund (D:3)
  A wyvern (D:7)
  2 steam dragons (D:6)
  4 water moccasins
  An ice beast (D:7)
  A sky beast (D:7)
  A centaur (D:5)
  6 black bears
  A phantom (D:6)
  3 kobold brigands
  6 bullfrogs
  A gnoll sergeant (D:5)
  4 scorpions
  3 killer bees (D:7)
  4 hounds
  A jelly (D:5)
  2 orc priests (D:3)
  Ijyb (D:4)
  2 iguanas
  4 orc wizards
  4 adders
  6 gnolls
  5 river rats (Sewer)
  A shadow imp (D:2)
  2 white imps
  2 ufetubi
  A worm (D:4)
  31 orcs
  5 bats
  8 endoplasms
  A giant cockroach (D:4)
  4 goblins
  5 hobgoblins
  7 jackals
  3 quokkas
  14 ball pythons
  4 frilled lizards
  26 kobolds
  3 rats
  A spectral kobold (D:1)
182 creatures vanquished.

Vanquished Creatures (others)
  33 fungi (D:8)
  52 plants
  2 withered plants (D:3)
87 creatures vanquished.

Grand Total: 269 creatures vanquished

Notes
Turn   | Place    | Note
-------+----------+-------------------------------------------
     0 | D:1      | Earthwalker the Minotaur Fighter began the quest for the
                  | Orb.
     0 | D:1      | Reached XP level 1. HP: 19/19 MP: 0/0
   163 | D:1      | Found a faded altar of an unknown god.
   749 | D:2      | Reached XP level 2. HP: 27/27 MP: 1/1
   784 | D:2      | Found a bloodstained altar of Trog.
   922 | D:2      | Found Ufiopn's Antique Armour Shop.
  1753 | D:2      | Reached XP level 3. HP: 21/31 MP: 2/2
  1982 | D:3      | Noticed Sigmund
  2157 | D:3      | Killed Sigmund
  2158 | D:3      | Reached skill level 5 in Fighting
  2158 | D:3      | Reached skill level 5 in Armour
  2158 | D:3      | Reached skill level 5 in Shields
  2158 | D:3      | Reached XP level 4. HP: 3/42 MP: 3/3
  2158 | D:3      | Reached XP level 5. HP: 4/48 MP: 4/4
  3012 | D:3      | Reached XP level 6. HP: 38/56 MP: 5/5
  3151 | D:3      | Found a runed translucent door.
  3151 | D:3      | Noticed TangoThomas's ghost (amateur MiCA)
  3468 | D:4      | Found a staircase to the Ecumenical Temple.
  3537 | D:4      | Found a glowing drain.
  3550 | Sewer    | Entered a sewer
  3767 | Sewer    | Reached skill level 5 in Axes
  3767 | Sewer    | Reached XP level 7. HP: 62/62 MP: 6/6
  4610 | D:4      | Noticed Ijyb
  4624 | D:4      | Killed Ijyb
  4821 | D:4      | Found a runed translucent gate.
  4822 | D:4      | Found a runed translucent gate.
  4823 | D:4      | Found a runed translucent gate.
  4824 | D:4      | Noticed Elsvaer's ghost (amateur DECj)
  4855 | D:4      | Found a white marble altar of Elyvilon.
  5068 | Temple   | Entered the Ecumenical Temple
  5184 | Temple   | Became a worshipper of Warmaster Okawaru
  5393 | D:5      | Entered Level 5 of the Dungeon
  5585 | D:5      | Reached XP level 8. HP: 66/71 MP: 7/7
  5672 | D:5      | Reached * piety under Okawaru
  6677 | D:6      | Noticed lis82's ghost (novice DgHW)
  6680 | D:6      | Found a runed translucent door.
  7494 | D:6      | Found a shimmering blue altar of Sif Muna.
  7637 | D:6      | Reached ** piety under Okawaru
  7640 | D:6      | Reached XP level 9. HP: 71/81 MP: 8/8
  8189 | D:7      | You fall into a shaft and drop 1 floor!
  9213 | D:8      | Reached *** piety under Okawaru
  9213 | D:8      | Received a gift from Okawaru
  9545 | D:8      | Noticed Grum
  9561 | D:7      | HP: 4/83 [wolf[Grum] (9)]
  9562 | D:7      | Slain by a wolf

Illustrated notes

Levels and vault maps discovered:
D:1:      wander_arrival_peaceful_grave, layout_loops_ring,
          dreamdust_ecumenical_altar_drowned_temple,
          amcnicky_mini_corridor_feature, minmay_misc_feat_x
D:2:      layout_basic, basic_altar, serial_shops, shop, hex_tiny
D:3:      layout_loops_ring, gammafunk_ghost_grave, uniq_sigmund
D:4:      layout_rooms, kennysheep_little_box, minmay_temple_entry_stoned_glass,
          cheibrodos_sewer_entry_drain, gammafunk_ghost_necromancy,
          minmay_bisected, uniq_ijyb
D:5:      layout_basic
D:6:      layout_basic, old_standard_altar, hellmonk_ghost_happy_afterlife
D:7:      layout_basic
D:8:      layout_basic, fedhas_altar_4, due_lair_maze_entry_diamond, uniq_grum,
          uniq_gastronok, uniq_pikel
Temple:   dpeg_five_rooms_temple

Skill      XL: |  1  2  3  4  5  6  7  8  9 |
---------------+----------------------------+-----
Fighting       | 4 5 6 8 9 |  9.3
Shields        | 4 5 6 7 9 |  9.2
Axes           | 3 4 5 6 7 8 |  8.8
Armour         | 4 5 6 7 9 |  9.2

Action                   |  1- 3 |  4- 6 |  7- 9 || total
-------------------------+-------+-------+-------++-------
Melee: War axe           |    59 |    68 |   162 ||   289
       Headbutt          |     4 |    10 |    58 ||    72
       Broad axe         |       |       |   208 ||   208
Throw: Dart              |     2 |       |    13 ||    15
  Use: Scroll            |       |       |     1 ||     1
Armor: Scale mail        |    25 |    21 |    29 ||    75
       Plate armour      |       |       |   183 ||   183
Dodge: Dodged            |    37 |    35 |   110 ||   182
Block: Buckler           |    17 |    14 |   100 ||   131
